[Event "*** Titled Tuesday Blitz"]
[Site "Chess.com"]
[Date "2018.04.03"]
[Round "1"]
[White "KNVB"]
[Black "toad"]
[Result "1-0"]
[WhiteElo "2562"]
[BlackElo "2220"]
[TimeControl "180+2"]
[EndTime "13:09:48 PDT"]
[Termination "KNVB won by checkmate"]

1. d4 Nf6 2. c4 g6 3. Nc3 d5 4. cxd5 Nxd5 5. e4 Nxc3 6. bxc3 Bg7 7. Be3 c5 8. Qd2 Qa5 9. Rc1 cxd4 10. cxd4 Qxd2+ 11. Kxd2 Nc6 12. Nf3 O-O 13. Bb5 Rd8 14. Bxc6 bxc6 15. Rc5 Bg4 16. Ne5 Bxe5 17. Rxe5 Be6 18.
Ra5 Rab8 19. Rc1 Rb2+ 20. Rc2 Rxc2+ 21. Kxc2 f5 22. f3 fxe4 23. fxe4 Rd7 24. Ra6 Bc4 25. Ra4 Bb5 26. Ra5 Kf7 27. d5 Bf1 28. dxc6 Rc7 29.
Rc5 Bxg2 30. Kd3 Ke6 31. Bf4 Rc8 32. c7 Bh3 33. Ra5 g5 34. Rxg5 Bf1+ 35. Ke3 Bc4 36. a3 Kd7 37. Rc5 Ba6 38. Ra5 Bf1 39. Rxa7 Rg8 40.
Rb7 Ba6 41. Rb8 Bc8 42. Bg3 Rg6 43. Rb3 Ra6 44. Rd3+ Ke6 45. Kf4 Ra8 46. Rd8 Kf7 47. a4 e6 48. a5 Ke7 49. a6 Kf7 50. a7 Ke7 51. Ke5 Kf7 52. Kd6 Kf6 53. Rxc8 Rxc8 54. Kd7 Ra8 55. Bf2 h5 56. c8=Q Rxc8 57. Kxc8 h4 58.
Bxh4+ Ke5 59. a8=Q Kf4 60. Qc6 e5 61. Qf6+ Ke3 62.
Qxe5 Ke2 63. Qg3 Kf1 64. Qf2# 1-0

[Event "*** Titled Tuesday Blitz"]
[Site "Chess.com"]
[Date "2018.04.03"]
[Round "1"]
[White "Oleksandr_Bortnyk"]
[Black "Bad4life"]
[Result "1-0"]
[WhiteElo "2817"]
[BlackElo "2407"]
[TimeControl "180+2"]
[EndTime "13:09:49 PDT"]
[Termination "Oleksandr_Bortnyk won by checkmate"]

1. d4 Nf6 2. Nc3 d6 3. e4 g6 4. Bg5 Bg7 5. Qd2 h6 6. Bh4 Nc6 7. O-O-O O-O 8. f3 e5 9. d5 Nd4 10. Bf2 c5 11. h4 h5 12. Nh3 Rb8 13. Ng5 Qa5 14. Kb1 b5 15. Ne2 Qxd2 16. Rxd2 b4 17. Nc1 Bd7 18. Nb3 Rfc8 19. Na5 Ne8 20. Ba6 Rc7 21. Nc4 Bh6 22. Rd3 f6 23. Nh3 Kf7 24. a3 b3 25. c3 Nb5 26. a4 Nd4 27. cxd4 cxd4 28. a5 Rb4 29. Na3 Rc5 30. Rhd1 Nc7 31. Be1 Nxa6 32. Bxb4 Nxb4 33. Rxb3 Ba4 34. Rxb4 Bxd1 35.
Rb7+ Ke8 36. Nb5 Rxb5 37. Rxb5 d3 38. Nf2 Bc2+ 39. Ka2 d2 40. Rb3 Kd8 41. Rc3 d1=Q 42. Nxd1 Bxd1 43. b4 Be2 44. Ka3 Bb5 45. Rc2 Bf4 46. g4 hxg4 47. fxg4 Bd3 48. Rc6 Kd7 49. h5 gxh5 50. gxh5 Bxe4 51. Ra6 Be3 52. h6 Bd3 53.
b5 Ke7 54. b6 Bc1+ 55. Kb3 Bxa6 56. bxa7 Bb7 57. h7 Bxd5+ 58. Kc2 Be3 59. h8=Q Bf7 60.
a8=Q Ke6 61. Qhc8+ Ke7 62. Qab7# 1-0

[Event "*** Titled Tuesday Blitz"]
[Site "Chess.com"]
[Date "2018.04.03"]
[Round "1"]
[White "Misha_Bilous"]
[Black "Batica1984"]
[Result "0-1"]
[WhiteElo "2256"]
[BlackElo "2590"]
[TimeControl "180+2"]
[EndTime "13:09:49 PDT"]
[Termination "Batica1984 won by resignation"]

1. d4 Nf6 2. c4 c5 3. d5 b5 4.
cxb5 a6 5. bxa6 g6 6. Nc3 Bg7 7. e4 O-O 8. Nf3 Qa5 9. Bd2 Bxa6 10. Be2 Bxe2 11. Qxe2 d6 12. O-O Qa6 13. Qxa6 Nxa6 14. e5 Nd7 15. exd6 exd6 16. Ne4 Nb6 17. Bc3 Bxc3 18. Nxc3 Nc7 19. Ne4 Rfd8 20. Rfd1 Ncxd5 21. Rd2 f5 22. Neg5 Nc7 23. g3 h6 24. Nh3 g5 25.
Ne1 Ne6 26. Nc2 Kf7 27. b3 d5 28. f4 d4 29. fxg5 hxg5 30. Ne1 Nd5 31. Nd3 Ne3 32. Rc1 Rac8 33. Ne5+ Kf6 34. Nc4 f4 35. Rf2 Kf5 36. a4 Kg4 37. Nxg5 Kxg5 38. gxf4+ Nxf4 39. h4+ Kf5 40. Kh2 Rh8 41. Kg3 Rcg8+ 42. Kf3 Ned5 43. Re1 Rxh4 44. Re5+ Kf6 45. Ke4 Nc3+ 46. Kf3 Ng6 47. Kg3+ Kg7 48. Rg5 Re4 49. Nd6 Re3+ 50. Kg2 Ne4 51.
Rf7+ Kh6 52. Rg4 Nh4+ 53. Kf1 Rxg4 54. Nxe4 Rexe4 0-1

[Event "*** Titled Tuesday Blitz"]
[Site "Chess.com"]
[Date "2018.04.03"]
[Round "1"]
[White "wonderfultime"]
[Black "PulpanJ"]
[Result "0-1"]
[WhiteElo "2753"]
[BlackElo "2416"]
[TimeControl "180+2"]
[EndTime "13:10:13 PDT"]
[Termination "PulpanJ won on time"]

1. d4 Nf6 2. Nf3 e6 3. Bf4 b6 4. Nbd2 Bb7 5. e3 c5 6. c3 Be7 7. h3 O-O 8. Bd3 Nc6 9. O-O d5 10.
a3 Rc8 11. b4 cxd4 12. cxd4 Bd6 13. Ne5 Bxe5 14. dxe5 Nd7 15. Nf3 h6 16. Rc1 Qe7 17. Bb1 Rfd8 18. Qd3 Nf8 19. Rfd1 a5 20. b5 Nb8 21.
Nd4 Rc5 22. Nb3 Rxc1 23. Rxc1 Qxa3 24. Rc3 Rc8 25. Rxc8 Bxc8 26. Qc2 Bb7 27. Nd4 Qe7 28. Bg3 Qd7 29. h4 Qc8 30. Qd1 Nbd7 31. h5 Nc5 32. f3 a4 33. Qc2 a3 34. Be1 Qa8 35. Bb4 Ncd7 36. f4 Nc5 37. Qa2 Qa4 38. Bxa3 Qd1+ 39. Kf2 Qxh5 40. Bb4 Qh4+ 41. Kf1 Qh1+ 42. Kf2 Qc1 43. Bc2 g6 44. Qa7 Nfd7 45. Qa2 Kg7 46. Qa3 Qh1 47. Qc3 h5 48. Nf3 h4 49. Ng5 d4 50.
exd4 Qxg2+ 51. Ke1 Ne4 52. Bxe4 Bxe4 53. Be7 Qc2 0-1

[Event "*** Titled Tuesday Blitz"]
[Site "Chess.com"]
[Date "2018.04.03"]
[Round "1"]
[White "Hrant_ChessMood"]
[Black "TheLancer"]
[Result "1-0"]
[WhiteElo "2930"]
[BlackElo "2423"]
[TimeControl "180+2"]
[EndTime "13:10:18 PDT"]
[Termination "Hrant_ChessMood won by resignation"]

1. d4 Nf6 2. Nf3 e6 3. g3 Be7 4.
Bg2 O-O 5. O-O d5 6. b3 b6 7. Bb2 Bb7 8. Ne5 c5 9. c4 cxd4 10. Bxd4 Nc6 11. Nxc6 Bxc6 12. Nd2 Rc8 13. Rc1 dxc4 14.
Nxc4 Bxg2 15. Kxg2 Qd5+ 16. f3 Rfd8 17. Bxf6 Bxf6 18. Qxd5 Rxd5 19. Ne3 Rdc5 20. Rxc5 Rxc5 21. Rd1 Rc3 22. Kf2 h5 23. Rd7 a5 24. Nc4 a4 25. Rd3 Rxd3 26. exd3 axb3 27. axb3 Bd4+ 28. Ke2 g6 29. f4 Kf8 30. Kf3 f5 31. h3 Ke7 32. g4 hxg4+ 33. hxg4 Kd7 34. Na3 Kc6 35. Nc2 Kd5 36. gxf5 gxf5 37. Ke2 b5 38. Nb4+ Kc5 39. Nc2 Kd5 40. Kf3 Kc5 41. Kg3 Bf6 42. Kg2 Kd5 43. Kf1 Kc5 44. Ke2 Bc3 45. Ke3 Bf6 46. d4+ Kd5 47. Kd3 Be7 48. Ne3+ Kc6 49. d5+ exd5 50. Nxf5 Bf6 51. Ne3 Kc5 52. Nc2 d4 53. Ke4 b4 54.
Ne1 Be7 55. Nd3+ Kc6 56. Kxd4 Kd7 57. Kc4 Ke6 58. Nxb4 Kf5 59. Nd5 Bd6 60. b4 Ke4 61. b5 Bb8 62. b6 Bd6 63. b7 Bb8 64. Kc5 Ba7+ 65. Kd6 Kf5 66. Ne7+ Kxf4 67. Nc6 1-0

[Event "*** Titled Tuesday Blitz"]
[Site "Chess.com"]
[Date "2018.04.03"]
[Round "1"]
[White "anon102030"]
[Black "RojonR"]
[Result "1-0"]
[WhiteElo "2732"]
[BlackElo "2380"]
[TimeControl "180+2"]
[EndTime "13:10:23 PDT"]
[Termination "anon102030 won by resignation"]

1. e4 c5 2. Nc3 Nc6 3. g3 g6 4.
Bg2 Bg7 5. d3 d6 6. Be3 Nf6 7. h3 O-O 8. f4 Rb8 9. Qd2 Nd4 10. Nf3 Nxf3+ 11. Bxf3 b5 12. a3 a5 13. g4 b4 14. axb4 axb4 15. Ne2 Bb7 16. O-O Qc7 17.
Bg2 Ra8 18. Ng3 d5 19. e5 Nd7 20. d4 cxd4 21. Bxd4 Ba6 22. Rfe1 Qb7 23. e6 Bxd4+ 24. Qxd4 Qb6 25. Rad1 Qxd4+ 26. Rxd4 fxe6 27. Rxe6 Nf6 28. Rxe7 Rfe8 29. Rxe8+ Rxe8 30. Bxd5+ Nxd5 31. Rxd5 Re1+ 32. Kf2 Rc1 33. Rc5 b3 34. c3 Rc2+ 35. Ke3 Rxb2 36. Rc6 Ra2 37. Rb6 Bc4 38. Ne4 Rh2 39. Rb8+ Kg7 40.
Kd4 Bf7 41. Rb7 Kf8 42. Rb8+ Kg7 43. Ng5 h6 44. Nxf7 Kxf7 45. Rxb3 Rxh3 46. Ke5 h5 47. Rb7+ Ke8 48. gxh5 gxh5 49. c4 Rc3 50. Kd4 Rf3 51. Ke4 Rc3 52. Kd4 Rf3 53. Ke5 Rc3 54. Rc7 h4 55. Rh7 Rxc4 56. Rxh4 Rc5+ 57. Kd6 Rf5 58. Ke6 Rf8 59. f5 Rg8 60. Ra4 Kf8 61. Ra8+ Kg7 62. Rxg8+ Kxg8 63. Ke7 1-0

[Event "*** Titled Tuesday Blitz"]
[Site "Chess.com"]
[Date "2018.04.03"]
[Round "1"]
[White "ristingho"]
[Black "Marcus_Harvey"]
[Result "0-1"]
[WhiteElo "2300"]
[BlackElo "2629"]
[TimeControl "180+2"]
[EndTime "13:10:34 PDT"]
[Termination "Marcus_Harvey won by resignation"]

1. d4 Nf6 2. c4 e6 3. Nc3 Bb4 4.
Qc2 d5 5. cxd5 exd5 6. Bg5 O-O 7. e3 c6 8. Bd3 h6 9. Bh4 Be7 10. Nge2 Re8 11. O-O Na6 12. a3 Nc7 13. f3 c5 14.
Bf2 cxd4 15. Nxd4 Ne6 16. Nf5 Bf8 17. Rad1 a6 18. Rfe1 Bd7 19. Bh4 Bc6 20. Bf1 g6 21. Nd4 Nxd4 22. exd4 Bg7 23. Qb3 Qa5 24. Re5 Nd7 25.
Rxe8+ Rxe8 26. Bf2 Qb6 27. Qc2 Nf8 28. Na4 Qc7 29. Nc5 Ne6 30. Nxe6 Rxe6 31. Rc1 Qb6 32. Qc3 h5 33. b4 Kh7 34. Bd3 Bb5 35. Bxb5 Qxb5 36.
Qc5 Rc6 37. Qxb5 Rxc1+ 38. Qf1 Rxf1+ 39. Kxf1 g5 40. a4 Kg6 41. b5 axb5 42. axb5 Kf5 43.
Ke2 g4 44. fxg4+ hxg4 45. Kd3 Bf8 46. Bg3 Be7 47. Be5 Bg5 48. g3 f6 49. Bb8 Bh6 50.
Bd6 Ke6 51. Bb8 Kf5 52. Bd6 Bc1 53. Bb4 Kg6 54. Bd6 f5 55. Bb8 Kg5 56. Kc2 Be3 57.
Kd3 Bg1 58. Bf4+ Kg6 59. Be5 Bxh2 60. Ke2 Bg1 61. Bh8 f4 62. gxf4 Kf5 63. Be5 Ke4 64. f5 Kxf5 65. Kd3 Bf2 66. Ke2 Bh4 67. Ke3 Bg5+ 68.
Kd3 Bf4 69. Bg7 Bc7 70. Bh8 Kf4 71. Bg7 Kf3 72. Be5 Ba5 0-1

[Event "*** Titled Tuesday Blitz"]
[Site "Chess.com"]
[Date "2018.04.03"]
[Round "1"]
[White "ajkom197"]
[Black "RichardABates"]
[Result "1/2-1/2"]
[WhiteElo "2431"]
[BlackElo "2018"]
[TimeControl "180+2"]
[EndTime "13:10:35 PDT"]
[Termination "Game drawn - insufficient material"]

1. d4 Nf6 2. Bf4 d6 3. Nf3 Bg4 4. e3 Nbd7 5. Be2 g6 6. h3 Bxf3 7. Bxf3 c6 8. c4 Bg7 9. O-O O-O 10. Nc3 e5 11. Bh2 Qe7 12. Re1 e4 13. Be2 h5 14. b4 Rfd8 15. c5 dxc5 16. bxc5 Nxc5 17. Qb1 Nd3 18. Bxd3 exd3 19. Qxd3 c5 20. d5 c4 21. Qxc4 Rac8 22. d6 Rxc4 23. dxe7 Re8 24. Rac1 Rc6 25. Nb5 Rxe7 26. Nxa7 Ra6 27. Nc8 Rd7 28. Rc2 Ne4 29. Rec1 Kh7 30. f3 Nc3 31. Rxc3 Bxc3 32. Rxc3 Rd1+ 33.
Kf2 Rxa2+ 34. Kg3 Rdd2 35. Kh4 Rxg2 36. Bf4 Rac2 37. Rxc2 Rxc2 38. Nd6 f6 39. Nxb7 Rg2 40. Nd6 g5+ 41. Bxg5 Rxg5 42. Ne4 Rf5 43. f4 Kg6 44.
Ng3 Ra5 45. Nf1 Ra2 46. Kg3 Kf5 47. Kf3 Ra3 48. Ng3+ Kg6 49. h4 f5 50. Ne2 Ra2 51.
Nd4 Rh2 52. Kg3 Rh1 53. Nf3 Kf6 54. Kg2 Ra1 55. Nd4 Ra2+ 56. Kf3 Rb2 57. Ne2 Ke6 58. Ng3 Rh2 59. Nxh5 Rxh4 60. Ng3 Rh3 61. Kg2 Rh8 62. Kf3 Rg8 63. Ne2 Ra8 64. Nd4+ Kf6 65. Ne2 Ra3 66. Kf2 Ra2 67. Kf3 Ra3 68. Ng3 Ra2 69. Nf1 Rb2 70.
e4 fxe4+ 71. Kxe4 Rf2 72. Ne3 Rxf4+ 73. Kxf4 1/2-1/2

[Event "*** Titled Tuesday Blitz"]
[Site "Chess.com"]
[Date "2018.04.03"]
[Round "1"]
[White "GMKrikor"]
[Black "TST2014"]
[Result "1/2-1/2"]
[WhiteElo "2644"]
[BlackElo "2328"]
[TimeControl "180+2"]
[EndTime "13:10:36 PDT"]
[Termination "Game drawn - insufficient material"]

1. e4 e5 2. Nf3 Nc6 3. Bb5 a6 4. Ba4 Nf6 5. O-O Be7 6. Re1 b5 7. Bb3 O-O 8. d3 d6 9. a4 b4 10. a5 Be6 11. Nbd2 h6 12. Bc4 Qc8 13. h3 Re8 14. b3 Bf8 15. Bb2 g6 16. d4 exd4 17. Nxd4 Nxd4 18. Bxd4 Bg7 19. Qf3 Nd7 20. Bxg7 Kxg7 21.
Bf1 Ne5 22. Qg3 Nc6 23. f4 Qd8 24. Nc4 Qf6 25. Rad1 g5 26. fxg5 Qxg5 27. Qf2 Bxc4 28. Bxc4 Ne5 29. Be2 Re6 30. Rf1 Rf6 31. Qxf6+ Qxf6 32. Rxf6 Kxf6 33. Rd4 Rb8 34. Kf2 Ke7 35. Ke1 c5 36.
Rd5 f6 37. Rd1 Nc6 38. Bxa6 Nxa5 39. Ra1 Nc6 40. Bc4 Rb7 41. Bd5 Ra7 42. Rxa7+ Nxa7 43. Kd2 Nb5 44. Bc4 Nc3 45. Ke3 h5 46. h4 Kf8 47. Kf4 Kg7 48. Kf5 Nd1 49. Ke6 Ne3 50. Kxd6 Nxg2 51. Kxc5 Nxh4 52. Be2 Kg6 53. Kxb4 Ng2 54. c4 Nf4 55. Bf1 h4 56. c5 Kf7 57. c6 Ke6 58. Kc5 h3 59. Bxh3+ Nxh3 60. b4 Ng5 61. b5 Nxe4+ 62. Kd4 f5 63. b6 Kd6 64. c7 Kd7 65. Kd5 Nd6 66. Ke5 Kc6 67.
c8=Q+ Nxc8 68. Kxf5 Kb7 69. Ke4 Nd6+ 70. Kd3 Ne8 71.
Kc2 Nf6 72. Kb3 Ne8 73. Kb4 Nd6 74. Ka5 Kc6 75. Ka6 Nb7 76. Ka7 Nc5 77. b7 Nxb7 1/2-1/2

[Event "*** Titled Tuesday Blitz"]
[Site "Chess.com"]
[Date "2018.04.03"]
[Round "1"]
[White "eldur16"]
[Black "SanQui14"]
[Result "1/2-1/2"]
[WhiteElo "2523"]
[BlackElo "2205"]
[TimeControl "180+2"]
[EndTime "13:10:36 PDT"]
[Termination "Game drawn by repetition"]

1. e4 c5 2. Ne2 g6 3. g3 Bg7 4.
Bg2 Nc6 5. O-O d6 6. c3 Nf6 7.
d4 cxd4 8. cxd4 O-O 9. Nbc3 Bd7 10. h3 Qa5 11. Be3 b5 12. Qd2 b4 13. Nd5 Rfc8 14.
a3 Nxd5 15. exd5 Nd8 16. axb4 Qb6 17. Rfe1 Rab8 18. Bg5 e5 19. dxe6 Nxe6 20. Be3 Qxb4 21. Qxb4 Rxb4 22. Rxa7 Bb5 23. Nc3 Rxb2 24. Nd5 Re8 25.
Rc1 Nxd4 26. Rcc7 Nf5 27. Rxf7 Rb1+ 28. Kh2 Bc4 29. Rxg7+ Nxg7 30. Nf6+ Kf8 31. Bh6 Re7 32. Rxe7 Kxe7 33. Bxg7 Re1 34. Nxh7 Kf7 35. Bd4 Bd3 36. Ng5+ Kg8 37. h4 Bf5 38. Bd5+ Kf8 39. Kg2 Rd1 40. Nf3 Bg4 41. Bc6 Bxf3+ 42. Kxf3 Rxd4 43. Ke3 Rb4 44. Be4 Kg7 45. f4 Rb3+ 46. Kf2 Kf6 47. g4 Rb4 48.
Ke3 Rb3+ 49. Kd4 Rh3 50. g5+ Kf7 51. f5 gxf5 52. Bxf5 Rxh4+ 53. Kd5 Ke7 54. g6 Rh1 55.
Bc2 Rg1 56. Be4 Rg5+ 57. Kd4 Ke6 58. Bc2 Rg4+ 59. Ke3 Ke5 60. Kf3 Rg5 61. Ke3 d5 62.
Bb1 Rg3+ 63. Kf2 Rb3 64. g7 Rb2+ 65. Kf3 Rb3+ 66. Kf2 Rb2+ 67. Kf3 Rb3+ 68. Kf2 Rb2+ 69. Kf3 Rb3+ 70. Kf2 Rb2+ 1/2-1/2

[Event "*** Titled Tuesday Blitz"]
[Site "Chess.com"]
[Date "2018.04.03"]
[Round "1"]
[White "Slovak_fighter2000"]
[Black "TigranLPetrosyan"]
[Result "0-1"]
[WhiteElo "2337"]
[BlackElo "2657"]
[TimeControl "180+2"]
[EndTime "13:10:42 PDT"]
[Termination "TigranLPetrosyan won by resignation"]

1. d4 d6 2. Nf3 Bg4 3. Bf4 Bxf3 4. exf3 g6 5. c3 Bg7 6. Nd2 Nf6 7. Bd3 O-O 8. O-O c6 9. h3 Nbd7 10. Bh2 d5 11. f4 e6 12. Nf3 b5 13. a4 a6 14.
axb5 axb5 15. Ne5 Qb6 16. Qe2 b4 17. Rfb1 Nxe5 18. fxe5 Nd7 19. Bf4 Rfb8 20. Bd2 c5 21. dxc5 Nxc5 22. Rxa8 Rxa8 23. Be3 Qc7 24. Bd4 Nxd3 25.
Qxd3 Bxe5 26. Bxe5 Qxe5 27. cxb4 Rb8 28. Qc3 Qe4 29.
Ra1 d4 30. Qc4 Qd5 31. Qxd5 exd5 32. Ra5 Rxb4 33. Rxd5 Kf8 34. g3 Ke7 35. Kg2 Ke6 36. Rd8 Ke7 37. Rd5 Ke6 38. Rd8 h5 39. h4 Ke5 40.
Re8+ Kf5 41. Rd8 Ke4 42. Re8+ Kd3 43. Re7 Kc2 44. Rxf7 d3 45. Rc7+ Kxb2 46. Kf3 Rd4 47. Rb7+ Kc3 48. Rc7+ Kb2 49. Rb7+ Kc2 50. Rc7+ Kd1 51.
Ke3 d2 52. Kxd4 Ke1 53. Re7+ Kf1 54. Ke3 d1=Q 55. Rf7 Qc1+ 56. Kd4 Qb2+ 57. Ke4 Qc2+ 58. Ke5 Qc5+ 59. Ke6 Qc4+ 60. Kf6 Kxf2 61. Kxg6+ Kxg3 62. Rf5 Qg8+ 63. Kf6 Kxh4 64. Rf4+ Kg3 65. Rf5 Qf8+ 66. Kg5 Qxf5+ 0-1

[Event "*** Titled Tuesday Blitz"]
[Site "Chess.com"]
[Date "2018.04.03"]
[Round "1"]
[White "pedromartinez91"]
[Black "BilodeauA"]
[Result "1-0"]
[WhiteElo "2360"]
[BlackElo "2641"]
[TimeControl "180+2"]
[EndTime "13:10:52 PDT"]
[Termination "pedromartinez91 won by resignation"]

1. d4 d5 2. c4 dxc4 3. e3 e5 4. Bxc4 Nc6 5. Nf3 e4 6. Nfd2 Qg5 7. g3 Nf6 8. Nc3 Qg6 9. a3 Bd6 10. Qc2 O-O 11. Nd5 Re8 12. b4 Bf5 13. Nxf6+ Qxf6 14. Bb2 Qg6 15. O-O-O Rad8 16. h3 a5 17. b5 Nb8 18.
g4 Be6 19. Kb1 Nd7 20. Bxe6 Qxe6 21. Qc4 Nb6 22. Qxe6 Rxe6 23. Rc1 Nd5 24. Nc4 b6 25.
Rc2 h6 26. Rhc1 Rd7 27. Ka2 Kh7 28. Kb3 g5 29. Nd2 Kg6 30. Rc6 f5 31. Re1 fxg4 32. hxg4 Rf7 33. Re2 Nf6 34. Rc1 Nxg4 35. d5 Re8 36.
Bd4 Rxf2 37. Rxf2 Nxf2 38. Rc6 Rd8 39. Nc4 Kf5 40. Nxd6+ cxd6 41. Bxb6 Rb8 42. a4 g4 43. Bc7 Rb7 44. Bxd6 Nd3 45. Kc4 h5 46. Rc8 Kg6 47. Rg8+ Kh7 48. Rg5 Kh6 49. Rg8 Rd7 50. Bg3 Nb2+ 51.
Kc5 Nxa4+ 52. Kc6 Rf7 53. d6 Kh7 54. Rg5 Kh6 55. Bf4 Nc3 56. b6 Na4 57. b7 Rxb7 58. Kxb7 g3 59. Rxg3+ Kh7 60. d7 Nc5+ 61. Kc6 Nxd7 62.
Kxd7 a4 63. Ke7 a3 64. Kf7 a2 65. Be5 Kh6 66. Rg6+ Kh7 67. Kf6 h4 68. Kg5 h3 69.
Rh6+ Kg8 70. Rxh3 Kf7 71. Kf5 Ke7 72. Rh7+ Kd8 73. Ke6 Kc8 74. Kd6 Kb8 75. Kc6+ 1-0

[Event "*** Titled Tuesday Blitz"]
[Site "Chess.com"]
[Date "2018.04.03"]
[Round "1"]
[White "Gattass"]
[Black "DrVitman"]
[Result "0-1"]
[WhiteElo "2189"]
[BlackElo "2531"]
[TimeControl "180+2"]
[EndTime "13:11:26 PDT"]
[Termination "DrVitman won on time"]

1. e4 c5 2. Nf3 Nc6 3. d4 cxd4 4.
Nxd4 e5 5. Nb5 a6 6. N5c3 Bc5 7.
Nd5 Nge7 8. c3 d6 9. Bg5 h6 10.
Be3 Nxd5 11. exd5 Bxe3 12. dxc6 Ba7 13. cxb7 Bxb7 14. Qa4+ Qd7 15. Qxd7+ Kxd7 16. Nd2 f5 17. f3 Ke7 18. Nc4 Rab8 19. O-O-O Rhd8 20. Na5 Be3+ 21. Kc2 Ba8 22. Bxa6 d5 23. Rhe1 f4 24. a4 Rb6 25.
Bb5 Rc8 26. b4 Kf6 27. Kb3 g5 28. c4 d4 29. c5 Bd5+ 30. Ka3 Rbb8 31. Nc4 h5 32.
Nd6 Rd8 33. Ne4+ Kg6 34. Bd3 Kh6 35. b5 Rdc8 36. Kb4 g4 37. a5 h4 38. fxg4 h3 39.
gxh3 f3 40. Rf1 Bxe4 41. Bxe4 f2 42. b6 Kg5 43. Kb5 Kf4 44. Bd5 d3 45. c6 e4 46.
Bxe4 Kxe4 47. b7 Rc7 48. a6 d2 49. g5 Kd3 50. g6 Ke2 51. h4 Rh8 52. h5 Rxh5+ 53.
Kc4 Rh8 54. Kb5 Rb8 55. h4 Rh8 56. h5 Rxh5+ 57. Kc4 Rxc6+ 58. Kb4 Rh8 59. Kb5 Rb6+ 60. Ka5 Rxg6 61. Rh1 Rb8 62. Rdf1 Rg5+ 63. Kb4 Rf5 64. Ra1 Rd5 65. Rh2 d1=Q 66. Rxd1 Rxd1 67. Rh3 Rb1+ 68. Kc4 R1xb7 0-1

[Event "*** Titled Tuesday Blitz"]
[Site "Chess.com"]
[Date "2018.04.03"]
[Round "1"]
[White "mokerslag"]
[Black "Parhamov"]
[Result "1/2-1/2"]
[WhiteElo "2418"]
[BlackElo "2814"]
[TimeControl "180+2"]
[EndTime "13:11:29 PDT"]
[Termination "Game drawn by stalemate"]

1. e4 Nf6 2. e5 Nd5 3. d4 d6 4. Nf3 Bg4 5. Be2 e6 6. O-O Be7 7.
exd6 cxd6 8. c4 Nb6 9. b3 O-O 10.
Nc3 Bf6 11. Be3 Nc6 12. h3 Bxf3 13. Bxf3 d5 14. c5 Nc8 15. Rb1 N8e7 16. b4 Nf5 17.
Ne2 a6 18. a4 g6 19. b5 Na5 20.
Ng3 Nxg3 21. fxg3 Nc4 22. Bf2 a5 23. Be2 Bg7 24. Rc1 Qg5 25. Bxc4 dxc4 26. Rxc4 Rfd8 27. Qf3 Rd5 28. c6 bxc6 29. bxc6 Qe7 30. c7 Rc8 31.
Rb1 Qe8 32. Qf4 Bf8 33. Rb6 Qd7 34. Rcc6 g5 35. Qc1 h6 36. h4 Kg7 37. hxg5 hxg5 38. Be3 Be7 39. Rb5 f6 40. Rxd5 Qxd5 41. Qc4 Qxc4 42.
Rxc4 Bd6 43. Bd2 Rxc7 44. Rxc7+ Bxc7 45. g4 Kf7 46. Kf1 Ke7 47. Ke2 Kd6 48. Kd3 Kd5 49.
Bc3 Bd8 50. Bd2 f5 51. gxf5 exf5 52. g3 g4 53. Be1 Bc7 54. Bf2 Bb6 55. Be1 Bd8 56.
Bf2 Bc7 57. Be1 Bb6 58. Bf2 Bd8 59. Be1 Bc7 60. Bf2 f4 61. gxf4 Bxf4 62. Be1 Bc7 63. Bd2 g3 64. Be3 g2 65. Bg1 Bb6 66. Be3 Bc7 67. Bg1 Bf4 68. Ke2 Ke4 69. d5 Bg3 70. d6 Bxd6 71. Kf2 Bc5+ 72. Kxg2 Kd5 73. Bxc5 Kxc5 74.
Kf2 Kb4 75. Ke2 Kxa4 76. Kd1 Ka3 77. Kc1 Ka2 78. Kc2 a4 79. Kc1 a3 80. Kc2 Ka1 81. Kc1 a2 82. Kc2 1/2-1/2

[Event "*** Titled Tuesday Blitz"]
[Site "Chess.com"]
[Date "2018.04.03"]
[Round "1"]
[White "dimke2802"]
[Black "Yaacovn"]
[Result "0-1"]
[WhiteElo "2305"]
[BlackElo "2641"]
[TimeControl "180+2"]
[EndTime "13:11:30 PDT"]
[Termination "Yaacovn won by resignation"]

1. d4 Nf6 2. Nf3 e6 3. c4 Bb4+ 4. Bd2 Qe7 5. g3 Nc6 6. Nc3 Bxc3 7. Bxc3 Ne4 8. Qc2 Nxc3 9. Qxc3 O-O 10. Bg2 d6 11. d5 Nb8 12. O-O e5 13. e4 a5 14. Ne1 Nd7 15. Nd3 b6 16. b3 Nc5 17.
Nxc5 bxc5 18. a3 f5 19. exf5 Bxf5 20. b4 axb4 21. axb4 cxb4 22. Qxb4 Qf7 23. Rxa8 Rxa8 24. c5 Qe7 25. Qb7 Re8 26. Ra1 e4 27. cxd6 cxd6 28. Qxe7 Rxe7 29. Ra6 Rd7 30. Ra4 Re7 31. Ra6 Rb7 32.
h3 Rb1+ 33. Kh2 Rb2 34. g4 Bg6 35. Kg3 Rb3+ 36. Kf4 Rb2 37. Bxe4 Rxf2+ 38. Ke3 Rh2 39. Bxg6 hxg6 40. Rxd6 Kf7 41. Kf4 Rxh3 42. Rd7+ Kf8 43. Kg5 Rg3 44. Ra7 Rg1 45. d6 Rd1 46. Ra8+ Kf7 47. Ra7+ Kf8 48. Ra8+ Kf7 49. Ra7+ Kg8 50. d7 Kh7 51. Kf4 Kh6 52. g5+ Kh5 53. Ra8 Rd4+ 54. Kg3 Rxd7 55. Ra5 Rd4 56. Rb5 Rg4+ 57. Kh3 Rh4+ 58. Kg3 Rg4+ 59. Kh3 Rxg5 60. Rb8 Ra5 61. Rh8+ Kg5 62. Rb8 Ra3+ 63. Kg2 Ra7 64. Rb5+ Kh6 65.
Rb6 Kh5 66. Rb8 g5 67. Kg3 Ra3+ 68. Kg2 Rc3 69. Kh2 Kh4 70. Kg2 Rc2+ 71. Kg1 g4 72.
Rb3 Re2 73. Kf1 Rh2 74. Kg1 Rh3 75. Rb8 g6 76. Kg2 Rg3+ 77. Kh2 Rf3 78. Kg2 Rg3+ 79.
Kh2 Ra3 80. Kg2 Ra2+ 81. Kg1 Kh3 82. Kf1 Ra1+ 83. Kf2 g3+ 84. Kf3 Rf1+ 85. Ke2 g2 0-1

[Event "*** Titled Tuesday Blitz"]
[Site "Chess.com"]
[Date "2018.04.03"]
[Round "1"]
[White "rst2003"]
[Black "petrpalachev"]
[Result "0-1"]
[WhiteElo "2214"]
[BlackElo "2561"]
[TimeControl "180+2"]
[EndTime "13:11:44 PDT"]
[Termination "petrpalachev won by resignation"]

1. e4 Nc6 2. d4 d6 3. f4 Nf6 4. Nc3 g6 5. Nf3 Bg7 6. Bd3 O-O 7. O-O Bg4 8. Be3 e5 9. fxe5 dxe5 10. d5 Nd4 11. Bxd4 exd4 12. Nb5 c6 13. dxc6 bxc6 14.
Na3 Re8 15. Re1 Nd7 16. h3 Be6 17. Qd2 h6 18. Nc4 Rb8 19. b3 Nb6 20. Nce5 Qc7 21.
Qf4 g5 22. Qh2 c5 23. a4 Bxb3 24. a5 Nc8 25. cxb3 Rxe5 26. Rec1 Re7 27. Qxc7 Rxc7 28.
Bc4 Nd6 29. Bd5 Rb4 30. Ra2 d3 31. Rd2 Nxe4 32. Rxd3 Bf6 33. Re1 Nc3 34. Bc4 Rb8 35. Rd6 Kg7 36. Nd2 Bd4+ 37. Kh1 Nb5 38. Ra6 Bc3 39.
Re2 Bxd2 40. Rxd2 Nd4 41. Rf2 Re8 42. Kh2 Ree7 43. Rff6 h5 44. Rh6 h4 45. Rh5 f6 46.
Bd3 Rc6 47. Rh7+ Kf8 48. Rh8+ Kf7 49. Rh7+ Kf8 50. Rh8+ Kf7 51. Rh7+ Ke8 52. Rxe7+ Kxe7 53. Rxa7+ Kd6 54. Be4 Rc7 55. Ra6+ Ke5 56. Bd3 Nxb3 57. Bc4 Nd2 58. Re6+ Kd4 59. Ba2 Ne4 60. a6 c4 61.
Rb6 Nc3 62. Rb7 Rc8 63. a7 Ra8 64. Rd7+ Nd5 65. Bb1 Ke5 66. Ba2 Kd4 67. Bb1 Rc8 68.
Rb7 Ra8 69. Re7 Kc5 70. Rf7 c3 71. Be4 Kd4 72. Bb1 Nb4 73. Rd7+ Kc4 74. Be4 Re8 75.
a8=Q Rxa8 76. Bxa8 c2 77. Rc7+ Kd3 78. Be4+ Kxe4 79.
Rc4+ Kd3 80. Rxb4 c1=Q 81. Rb6 Qf4+ 82. Kh1 Qf1+ 83. Kh2 Qf4+ 84. Kh1 Qc1+ 85. Kh2 Qc7+ 0-1

[Event "*** Titled Tuesday Blitz"]
[Site "Chess.com"]
[Date "2018.04.03"]
[Round "1"]
[White "Yurovskykh_Oleksandr"]
[Black "BogdanDeac"]
[Result "0-1"]
[WhiteElo "2368"]
[BlackElo "2708"]
[TimeControl "180+2"]
[EndTime "13:11:55 PDT"]
[Termination "BogdanDeac won on time"]

1. d4 Nf6 2. c4 g6 3. Nc3 d5 4. Nf3 Bg7 5. cxd5 Nxd5 6. Bg5 h6 7. Bh4 c5 8. Rc1 Nxc3 9. bxc3 O-O 10. Qd2 Re8 11.
e3 Qa5 12. Be2 Be6 13. d5 Bf5 14. O-O Nd7 15. Rfe1 Nf6 16. c4 Qa4 17. Bxf6 Bxf6 18. e4 Bxe4 19. Bd1 Qb4 20. Qxb4 cxb4 21. Rxe4 Rac8 22.
Be2 Rc5 23. Nd2 Ra5 24. Rc2 Rc8 25. Nb3 Ra3 26. g3 a5 27. Re3 Bg5 28. Rd3 Bf6 29.
c5 a4 30. Nc1 Rxd3 31. Bxd3 Bc3 32. a3 Rxc5 33. axb4 Bxb4 34. Rxc5 Bxc5 35. Bb5 a3 36.
Bc4 Kf8 37. Nd3 Bd6 38. Kf1 Kg7 39. Ke2 Kf6 40. f4 h5 41. Kf3 g5 42. h3 h4 43.
gxh4 gxf4 44. Nxf4 Ke5 45. Ne2 b5 46. Bb3 b4 47.
Ke3 Kf5 48. Nd4+ Kg6 49. Ke4 Bc5 50. Nf5 Kf6 51. Nh6 Kg7 52. Ng4 Bd6 53. h5 Kh7 54. Kf5 Bc5 55. Kg5 Bd4 56. Nh2 Be3+ 57. Kg4 Kh6 58.
Nf3 Kg7 59. Nh4 Bc5 60. Nf5+ Kh7 61. Ng3 Bd6 62. Ne4 Bc7 63. Ng5+ Kg7 64. h6+ Kg6 65. h7 f5+ 66. Kh4 Be5 67. Ne6 Bf6+ 68. Kg3 Be5+ 69. Kf3 Kxh7 70. Nc5 Kg6 71. Nd3 Bd6 72. Nf4+ Kg5 73.
Ne6+ Kf6 74. Nf4 Ke5 75. Ng6+ Kd4 76. h4 Kc3 77. Ba2 b3 78. h5 bxa2 79. h6 a1=Q 80. h7 Qf1+ 81. Ke3 Qg1+ 0-1